 Dungeon Crawl Stone Soup version 0.24-a0-784-g601f8f6d22 (webtiles) character file.

Game seed: 296095723054253227, levelgen mode: deterministic

169 Kohma the Shield-Bearer (level 5, -14/41 HPs)
             Began as a Formicid Fighter on Oct 9, 2019.
             Was a Follower of Yredelemnul.
             Demolished by an ogre
             ... wielding a +0 giant club
              (22 damage)
             ... on level 5 of the Dungeon.
             The game lasted 00:05:57 (2582 turns).

Kohma the Shield-Bearer (Formicid Fighter)          Turns: 2582, Time: 00:05:58

Health: -14/41     AC:  6    Str: 22    XL:     5   Next: 79%
Magic:  5/5        EV:  8    Int:  7    God:    Yredelemnul [*.....]
Gold:   164        SH: 10    Dex: 10    Spells: 4/4 levels left

rFire    . . .     SeeInvis +   a - +0 trident
rCold    . . .     Gourm    .   c - +0 shield
rNeg     . . .     Faith    .   b - +0 scale mail
rPois    .         Spirit   .   (helmet unavailable)
rElec    .         Reflect  .   (no cloak)
rCorr    .         Harm     .   (no gloves)
MR       .....                  (no boots)
Stlth    ..........             (no amulet)
HPRegen  0.13/turn              (no ring)
MPRegen  0.09/turn              (no ring)

@: lethally poisoned (-14 -> -17)
A: permanent stasis, dig shafts and tunnels, four strong arms, antennae 3
a: Dig, Shaft Self, Animate Remains, Renounce Religion


You were on level 5 of the Dungeon.
You worshipped Yredelemnul.
Yredelemnul was aware of your devotion.
You were near starving.

You visited 1 branch of the dungeon, and saw 4 of its levels.

You collected 164 gold pieces.

Inventory:

Hand Weapons
 a - a +0 trident (weapon)
Missiles
 k - 14 boomerangs (quivered)
 x - 18 poisoned darts
Armour
 b - a +0 scale mail (worn)
 c - a +0 shield (worn)
Jewellery
 i - an uncursed ring of protection from magic {unknown}
 m - a cursed -6 ring of evasion {unknown}
 s - an uncursed ring of protection from cold {unknown}
Scrolls
 g - a scroll of fog {unknown}
 l - a scroll of noise {unknown}
 n - 2 scrolls of teleportation {unknown}
 o - 2 scrolls of fear {unknown}
 p - 3 scrolls of remove curse {unknown}
 r - 2 scrolls of magic mapping {unknown}
 w - 2 scrolls of identify {unknown}
Potions
 d - a potion of might
 e - a potion of flight {unknown}
 h - 3 potions of agility {unknown}
 j - 2 potions of curing {unknown}
 q - 2 potions of lignification {unknown}
 t - a potion of magic {unknown}
 v - a potion of heal wounds {unknown}
 z - a potion of degeneration {unknown}
Comestibles
 f - 6 rations


   Skills:
 - Level 3.2 Fighting
 * Level 4.6 Polearms
 - Level 3.2 Armour
 + Level 5.0 Shields


You had 4 spell levels left.
You didn't know any spells.
Your spell library was empty.

Dungeon Overview and Level Annotations

Branches:
Dungeon (3/15)

Altars:
Yredelemnul


Innate Abilities, Weirdness & Mutations

You cannot be hasted, slowed, berserked, paralysed or teleported.
You can dig through walls and to a lower floor.
Your four strong arms can wield two-handed weapons with a shield.
You have a pair of large antennae on your head. (SInv)


Message History

You block the adder's attack. The ogre barely misses you.
You barely miss the ogre.
The ogre is almost dead.
The adder bites you but does no damage. You block the adder's attack.
You barely miss the ogre.
The ogre is almost dead.
A giant cockroach comes into view.
The ogre barely misses you.
An orc wizard comes into view. It is wielding a +0 dagger.
The crimson imp blinks!
You block the adder's attack. The adder bites you.
* * * LOW HITPOINT WARNING * * *
Are you sure you want to shaft yourself?
You are near starving!
You feel sick.
The orc wizard shouts!
You block the adder's attack.
The ogre hits you with a +0 giant club!!
Ouch! That really hurt!
You die...
Your body rises from the dead as a mindless zombie.

..?.##.. #..
...S...# .... .
.....## #.. .
.......##.. ..
##.#.....#.#..
..o#...........$.
.o....##..#
......S#.##
.....5O@.#
....##..S.# .
###.....
##.ยง.... ......
.s##.. ..# #$ ##


You could see an ogre, an orc wizard, a crimson imp, 2 adders, an orc and a
giant cockroach.

Vanquished Creatures
  8 adders
  2 worms
  2 dart slugs
  3 orcs (D:3)
  7 bats
  8 giant cockroaches
  7 goblins
  10 hobgoblins
  9 jackals
  A quokka (D:2)
  3 ball pythons
  6 frilled lizards
  4 kobolds
  11 rats
81 creatures vanquished.

Notes
Turn   | Place    | Note
-------+----------+-------------------------------------------
     0 | D:1      | Kohma the Formicid Fighter began the quest for the Orb.
     0 | D:1      | Reached XP level 1. HP: 18/18 MP: 1/1
   332 | D:1      | Reached XP level 2. HP: 24/24 MP: 2/2
   391 | D:1      | Reached skill level 4 in Shields
   519 | D:1      | Reached XP level 3. HP: 29/29 MP: 3/3
   828 | D:2      | Found a basalt altar of Yredelemnul.
   853 | D:1      | Reached XP level 4. HP: 32/35 MP: 4/4
   926 | D:2      | Became a worshipper of Yredelemnul the Dark
  1379 | D:2      | Reached XP level 5. HP: 40/41 MP: 5/5
  1678 | D:3      | Reached * piety under Yredelemnul
  2040 | D:3      | Reached skill level 5 in Shields
  2352 | D:3      | You fall into a shaft and drop 2 floors!
  2352 | D:5      | Entered Level 5 of the Dungeon
  2571 | D:5      | Noticed an ogre
  2582 | D:5      | Demolished by an ogre

Levels and vault maps discovered:
D:1:      matt_arrival_refuge, layout_loops_cross
D:2:      layout_rooms, yredelemnul_altar_generic, first_ration,
          minmay_worlds_worst_comb
D:3:      layout_loops_ring
D:5:      layout_cave_pools, serial_shops, nicolae_shop_stone,
          kennysheep_little_box, shop, lightli_minifort, uniq_ijyb, uniq_grinder

Skill      XL: |  1  2  3  4  5 |
---------------+----------------+-----
Shields        | 4 5 |  5.0
Polearms       | 3 4 |  4.6
Fighting       | |  3.2
Armour         | |  3.2

Action                   |  1- 3 |  4- 6 || total
-------------------------+-------+-------++-------
Melee: Trident           |   108 |   215 ||   323
 Abil: Shaft Self        |       |     2 ||     2
  Eat: Chunk             |       |     5 ||     5
Armor: Scale mail        |    47 |    76 ||   123
Dodge: Dodged            |    40 |    64 ||   104
Block: Shield            |    57 |    84 ||   141

Table legend:
 A = Non-vault XP
 B = Vault XP
 C = Vault XP percentage of total XP
 D = Non-vault monster count
 E = Vault monster count
 F = Vault count percentage of total count
                 A         B        C        D         E       F
            +---------+---------+-------+---------+---------+-------
      Total |     234 |       8 |   3.3 |      77 |       4 |   4.9
            +---------+---------+-------+---------+---------+-------
        D:1 |      67 |       2 |   2.9 |      32 |       1 |   3.0
        D:2 |      82 |       6 |   6.8 |      26 |       3 |  10.3
        D:3 |      85 |       0 |   0.0 |      19 |       0 |   0.0
            +---------+---------+-------+---------+---------+-------
